 Dungeon Crawl Stone Soup version 0.17-a0-1132-g5dd4065 (webtiles) character file.

334 MonkeyBuisness the Skirmisher (level 6, -6/39 HPs)
             Began as a Gargoyle Fighter on May 25, 2015.
             Was an Initiate of Okawaru.
             Killed by divine providence
             ... invoked by an orc priest
              (16 damage)
             ... on level 4 of the Dungeon.
             The game lasted 00:06:21 (2362 turns).

MonkeyBuisness the Skirmisher (Gargoyle Fighter)    Turns: 2362, Time: 00:06:22

Health: -6/39      AC: 11    Str: 20    XL:     6   Next: 53%
Magic:  6/6        EV:  8    Int:  8    God:    Okawaru [......]
Gold:   132        SH:  9    Dex: 11    Spells: 0 memorised, 5 levels left

rFire  . . .     SeeInvis .     a - +0 flail
rCold  . . .     Clarity  .     b - +0 scale mail
rNeg   + . .     SustAt   .     c - +0 shield
rPois  ∞         Gourm    .     (no helmet)
rElec  +         Spirit   .     (no cloak)
rCorr  .         Warding  .     (no gloves)
rMut   .         Stasis   .     (no boots)
MR     .....                    (no amulet)
Stlth  ..........               (no ring)
                                (no ring)

@: not resistant to hostile enchantments, extremely unstealthy
A: negative energy resistance 1, electricity resistance, unbreathing,
petrification resistance, rot immunity, AC +4
a: Renounce Religion


You were on level 4 of the Dungeon.
You worshipped Okawaru.
Okawaru was noncommittal.
You were not hungry.

You visited 1 branch of the dungeon, and saw 4 of its levels.

You collected 132 gold pieces.

Inventory:

Hand weapons
 a - a +0 flail (weapon)
Armour
 b - a +0 scale mail (worn)
 c - a +0 shield (worn)
Magical staves
 B - an uncursed staff of power {unknown}
   (You found it on level 4 of the Dungeon)
Jewellery
 l - a +3 ring of strength {unknown}
   (You found it on level 1 of the Dungeon)
 C - a cursed ring of loudness {unknown}
   (You found it on level 4 of the Dungeon)
Scrolls
 f - 2 scrolls of amnesia {unknown}
 g - 4 scrolls of identify {unknown}
 i - a scroll of teleportation {unknown}
 k - a scroll of magic mapping {unknown}
 n - 2 scrolls of remove curse {unknown}
 o - a scroll of recharging {unknown}
 r - a scroll of fog {unknown}
 s - 2 scrolls of enchant armour {unknown}
 v - a scroll of fear {unknown}
 w - 2 scrolls of immolation {unknown}
 x - a scroll of noise {unknown}
Potions
 d - a potion of might
 h - a potion of degeneration {unknown}
 m - a potion of haste {unknown}
 p - 2 potions of curing {unknown}
 q - a potion of lignification {unknown}
 u - a potion of poison {unknown}
 z - a potion of agility {unknown}
 A - 3 potions of ambrosia {unknown}
Books
 y - a book of Unlife
   (You found it on level 3 of the Dungeon)
Comestibles
 e - 2 bread rations {@e1}
 j - a meat ration {@e2}
 t - a fruit


   Skills:
 + Level 4.6 Fighting
 + Level 3.6 Maces & Flails
 + Level 4.5 Armour
 + Level 2.1 Dodging
 + Level 4.1 Shields


You had 5 spell levels left.
You didn't know any spells.

Dungeon Overview and Level Annotations

Branches:
Dungeon (4/15)
 Temple: D:4-7

Altars:
Dithmenos
Nemelex Xobeh
Okawaru
Sif Muna


Innate Abilities, Weirdness & Mutations

You are resistant to torment.
Your stone body is resilient (AC +4).
You are immune to poison.
You resist negative energy.
You are resistant to electric shocks.
You can survive without breathing.
You are immune to petrification.
You are immune to rotting.


Message History

The kobold splashes around in the water.
The kobold barely misses you. You block the orc's attack.
You closely miss the kobold. The kobold hits you but does no damage.
The kobold hits you but does no damage.
The orc splashes around in the water.
You completely miss the kobold.
The kobold splashes around in the water.
The kobold hits you but does no damage.
The orc splashes around in the water.
The kobold splashes around in the water.
You sock the kobold!
You kill the kobold!
You hear a splash.
The kobold hits you but does no damage.
The orc splashes around in the water.
You block the kobold's attack.
You hit the kobold but do no damage.
The orc splashes around in the water.
You block the kobold's attack. The orc hits you but does no damage.
You barely miss the kobold. The kobold barely misses you.
You block the orc's attack. The kobold barely misses you.
You completely miss the kobold. The orc hits you but does no damage.
You block the kobold's attack. The orc barely misses you.
Your shield and scale mail prevent you from hitting the kobold.
You block the kobold's attack. You block the orc's attack.
You sock the kobold!
You kill the kobold!
The orc hits you.
You take 1 damage, and have 36/39 hp.
You closely miss the orc. You block the orc's attack.
You sock the orc!
You kill the orc!
You hear a splash.
No target in view!
No target in view!
Things that are here:
a stone; a hobgoblin corpse You enter the shallow water.
Moving in this stuff is going to be slow.
Things that are here:
10 stones; an orc corpse You enter the shallow water.
Moving in this stuff is going to be slow.
Things that are here:
a stone; a hobgoblin corpse
There is an open door here.
You see here 7 stones.
C - a jade ring Health restored: 39
There is an open door here.
You see here 7 stones.
Things that are here:
a stone; a hobgoblin corpse
There is an iron altar of Okawaru here.
You can't go down here!
You kneel at the altar of Okawaru.
Okawaru welcomes you!
Things that are here:
a stone; a hobgoblin corpse
There is an open door here.
You see here 7 stones.
An adder comes into view.
The adder moves out of view.
The adder is too close now for your liking.
A scorpion comes into view.
You closely miss the adder. You block the adder's attack. The adder bites you.
You take 3 damage, and have 36/39 hp.
You closely miss the adder. The adder closely misses you.
You barely miss the adder. The adder bites you. You block the adder's attack.
You take 1 damage, and have 35/39 hp.
You sock the scorpion! You block the adder's attack. The scorpion stings you.
You block the adder's attack.
You take 1 damage, and have 34/39 hp.
You sock the scorpion!
You kill the scorpion!
Okawaru accepts your kill. The adder bites you but does no damage.
You miss the adder. The adder bites you.
The adder bites you but does no damage.
You take 2 damage, and have 32/39 hp.
You thump the adder!
You kill the adder!
Okawaru accepts your kill.
No target in view!
No target in view!
An orc wizard comes into view. It is wielding a dagger.
The orc wizard shouts!
An orc priest comes into view.
The orc priest shouts!
The orc priest mumbles some strange prayers to Beogh against you.
Something smites you!
An orc comes into view. It is wielding a trident.
You take 12 damage, and have 21/39 hp.
MASSIVE DAMAGE!!
The orc shouts!
The orc priest calls down the wrath of Beogh upon you.
Something smites you!
* * * LOW HITPOINT WARNING * * *
You see here an adder corpse.
You take 11 damage, and have 10/39 hp.
MASSIVE DAMAGE!!
The orc priest mumbles some strange prayers to Beogh against you.
Something smites you!
You die...

≈##...# ≈.#...
#..... ≈##..#
#....# ≈.#..#
#.... (##..##
### #.!.
###...###.#
#..#
..........#
#..##
#######..##
#####...####.#
##.#
#...@†.o...oo.
#.##
#..##....####.
#..###..###.###
#.......###.#
####........#
##.#####.# ###
###


You could see an orc priest and an orc wizard.

Vanquished Creatures
  A sky beast (D:4)
  A scorpion (D:4)
  Ijyb (D:3)
  A worker ant (D:4)
  5 adders
  2 oozes (D:3)
  2 worms
  6 orcs
  A bat skeleton (D:4)
  3 giant cockroaches
  8 hobgoblins
  8 jackals
  9 kobolds
  7 bats
  A giant newt (D:2)
  9 goblins
  6 rats
71 creatures vanquished.

Notes
Turn   | Place    | Note
--------------------------------------------------------------
     0 | D:1      | MonkeyBuisness the Gargoyle Fighter began the quest for the Orb.
     0 | D:1      | Reached XP level 1. HP: 14/14 MP: 1/1
    83 | D:1      | Reached XP level 2. HP: 19/19 MP: 2/2
   672 | D:1      | Reached XP level 3. HP: 23/23 MP: 3/3
  1022 | D:2      | Reached skill level 1 in Dodging
  1157 | D:2      | Reached XP level 4. HP: 21/29 MP: 4/4
  1551 | D:3      | Reached skill level 4 in Fighting
  1567 | D:3      | Found a shadowy altar of Dithmenos.
  1603 | D:3      | Reached skill level 3 in Maces & Flails
  1702 | D:3      | Reached skill level 4 in Armour
  1725 | D:3      | Noticed Ijyb
  1734 | D:3      | Killed Ijyb
  1734 | D:3      | Reached XP level 5. HP: 33/33 MP: 5/5
  1796 | D:3      | Found a sparkling altar of Nemelex Xobeh.
  1796 | D:3      | Found a deep blue altar of Sif Muna.
  2052 | D:4      | Noticed a sky beast
  2079 | D:4      | Killed a sky beast
  2079 | D:4      | Reached skill level 2 in Dodging
  2079 | D:4      | Reached skill level 4 in Shields
  2079 | D:4      | Reached XP level 6. HP: 17/39 MP: 6/6
  2264 | D:4      | Found an iron altar of Okawaru.
  2319 | D:4      | Became a worshipper of Warmaster Okawaru
  2362 | D:4      | Killed from afar by an orc priest

Vault maps used:
D:1:      dpeg_arrival_simpleton_c
D:2:      kennysheep_generic_room_6
D:3:      nicolae_overflow_hidden_temple, gammafunk_temple_overflow_elements,
          uniq_iyjb
D:4:      grunt_temple_overflow_holy_war, okawaru_altar_gauntlet_db

Action                   |  1- 3 |  4- 6 || total
-------------------------+-------+-------++-------
Melee: Flail             |   123 |   176 ||   299
  Eat: Bread ration      |       |     1 ||     1
       Fruit             |       |     1 ||     1
       Chunk             |       |     1 ||     1

Vault maps used:
D:1:      dpeg_arrival_simpleton_c
D:2:      kennysheep_generic_room_6
D:3:      nicolae_overflow_hidden_temple, gammafunk_temple_overflow_elements,
          uniq_iyjb
D:4:      grunt_temple_overflow_holy_war, okawaru_altar_gauntlet_db

Table legend:
 A = Turns spent in this place as a percentage of turns spent in the entire game.
 B = Non-inter-level travel turns spent in this place as a percentage of non-inter-level travel turns spent in the entire game.
 C = Inter-level travel turns spent in this place as a percentage of turns spent in this place.
 D = Turns resting spent in this place as a percentage of non-inter-level travel turns spent in this place.
 E = Turns spent auto-exploring this place as a percentage of non-inter-level travel turns spent in this place.
 F = Non-inter-level travel turns spent in this place divided by the number of levels of this place that you've seen.
                   A       B       C       D       E      F
               +-------+-------+-------+-------+-------+----------------------
         Total | 100.0 | 100.0 |   0.7 |   0.9 |  14.7 | 166.8
       Dungeon | 100.0 | 100.0 |   0.7 |   0.9 |  14.7 | 166.8
               +-------+-------+-------+-------+-------+----------------------

Table legend:
 A = Kills in this place as a percentage of kills in entire the game.
 B = Kills by you in this place as a percentage of kills by you in the entire game.
 C = Kills by friends in this place as a percentage of kills by friends in the entire game.
 D = Other kills in this place as a percentage of other kills in the entire game.
 E = Experience gained in this place as a percentage of experience gained in the entire game.
 F = Experience gained in this place divided by the number of levels of this place that you have seen.
                   A       B       C       D       E      F
               +-------+-------+-------+-------+-------+----------------------
         Total | 100.0 | 100.0 |  -nan |  -nan | 100.0 | 119.5
       Dungeon | 100.0 | 100.0 |  -nan |  -nan | 100.0 | 119.5
               +-------+-------+-------+-------+-------+----------------------
